[ AOE2 MATCH · #465541689 ]
UnrankedBurmese vs Spanish
[ REPLAY ANALYSIS · EXTRACTED FROM THE RECORDED GAME ]
Feudal
11:21
Castle
14:58
Imperial
—
| APM avg | 64.8 |
| APM peak | 104 |
| eAPM avg | 24.0 |
| Villagers / military | 79 / 57 |
Focus
⚔️ 37.8% · 🌾 62.2%
Arambai ×51 · Battering Ram ×3 · Monk ×2 · Petard ×1
Feudal
11:51
Castle
15:21
Imperial
—
| APM avg | 36.3 |
| APM peak | 83 |
| eAPM avg | 16.4 |
| Villagers / military | 79 / 44 |
Focus
⚔️ 27.1% · 🌾 72.9%
Conquistador ×36 · Battering Ram ×8
Feudal
11:21
Castle
15:39
Imperial
36:17
| APM avg | 38.6 |
| APM peak | 74 |
| eAPM avg | 20.3 |
| Villagers / military | 82 / 82 |
Focus
⚔️ 36.4% · 🌾 63.6%
Conquistador ×74 · Knight ×5 · Monk ×3
Feudal
8:04
Castle
23:02
Imperial
—
| APM avg | 33.5 |
| APM peak | 87 |
| eAPM avg | 13.7 |
| Villagers / military | 69 / 71 |
Focus
⚔️ 37.6% · 🌾 62.4%
Knight ×41 · Scout Cavalry ×30
Feudal
11:46
Castle
15:16
Imperial
28:17
| APM avg | 58.2 |
| APM peak | 114 |
| eAPM avg | 37.3 |
| Villagers / military | 137 / 152 |
Focus
⚔️ 29.0% · 🌾 71.0%
Berserk ×146 · Battering Ram ×6
Feudal
9:45
Castle
16:12
Imperial
—
| APM avg | 46.4 |
| APM peak | 128 |
| eAPM avg | 17.2 |
| Villagers / military | 109 / 62 |
Focus
⚔️ 25.2% · 🌾 74.8%
Camel Scout ×45 · Armored Elephant ×12 · Mangonel ×5
Feudal
10:56
Castle
14:33
Imperial
36:20
| APM avg | 43.5 |
| APM peak | 88 |
| eAPM avg | 21.7 |
| Villagers / military | 109 / 81 |
Focus
⚔️ 40.7% · 🌾 59.3%
Camel Scout ×47 · Shrivamsha Rider ×26 · Mangonel ×5 · Monk ×3
Feudal
8:29
Castle
20:21
Imperial
—
| APM avg | 46.9 |
| APM peak | 117 |
| eAPM avg | 19.0 |
| Villagers / military | 56 / 88 |
Focus
⚔️ 45.4% · 🌾 54.6%
Archer ×88
Match map
Initial resources + every placement click. Lines = walls · curves = elevation contours. ◆ gold · ⬟ stone · ● berries · ✦ relic · ◌ wall gap
Your base· ✓ Closed at 14:58 · 0t walls · 2 gate(s)
SHENBBBBB's base· ✓ Closed at 15:21 · 0t walls · 2 gate(s)
DoubleZX's base· ✓ Closed at 15:39 · 1t walls · 3 gate(s)
MANQUELINI's base· ✓ Closed at 23:02 · 0t walls · 3 gate(s)
Ux'unreal.'s base· ✓ Closed at 15:16 · 0t walls · 2 gate(s)
araña mela del burro's base· ✓ Closed at 16:12 · 0t walls · 2 gate(s)
Kyandie's base· ✓ Closed at 14:33 · 0t walls · 2 gate(s)
handlewithcare's base· ✓ Closed at 20:21 · 0t walls · 2 gate(s)
Smoothed initial terrain · ◌ = detected wall gap · hover for details
Inputs per minute
— Idle Brother - - SHENBBBBB
Build order — Idle Brother
First 150 of 232 actions detected
| 0:01 | Create | Villager (Male) ×4 |
| 0:03 | Build | House |
| 0:04 | Build | House |
| 1:35 | Create | Villager (Male) |
| 1:35 | Create | Villager (Male) |
| 1:35 | Create | Villager (Male) |
| 1:59 | Build | Lumber Camp |
| 2:01 | Create | Villager (Male) |
| 2:01 | Create | Villager (Male) |
| 2:19 | Create | Villager (Male) |
| 2:42 | Create | Villager (Male) |
| 2:42 | Create | Villager (Male) |
| 3:04 | Create | Villager (Male) |
| 3:04 | Create | Villager (Male) |
| 3:36 | Create | Villager (Male) |
| 3:36 | Create | Villager (Male) |
| 3:58 | Build | House |
| 3:58 | Build | House |
| 4:06 | Create | Villager (Male) |
| 4:07 | Create | Villager (Male) |
| 4:07 | Create | Villager (Male) |
| 4:16 | Build | Mill |
| 4:20 | Create | Villager (Male) |
| 4:20 | Create | Villager (Male) |
| 4:41 | Create | Villager (Male) |
| 4:42 | Create | Villager (Male) |
| 5:03 | Create | Villager (Male) |
| 5:37 | Create | Villager (Male) |
| 5:59 | Create | Villager (Male) |
| 6:08 | Build | Farm |
| 6:14 | Create | Villager (Male) |
| 6:44 | Create | Villager (Male) |
| 7:04 | Create | Villager (Male) |
| 7:38 | Create | Villager (Male) |
| 7:53 | Build | Mining Camp |
| 7:56 | Build | Mining Camp |
| 8:02 | Create | Villager (Male) |
| 8:10 | Build | House |
| 8:34 | Create | Villager (Male) |
| 8:49 | Build | Mining Camp |
| 9:05 | Research | Feudal Age |
| 9:05 | Research | Feudal Age |
| 9:05 | Research | Feudal Age |
| 9:59 | Create | Villager (Male) |
| 9:59 | Create | Villager (Male) |
| 10:15 | Build | Barracks |
| 11:21 | Age | Feudal Age |
| 11:28 | Build | Stable |
| 11:38 | Build | Blacksmith |
| 12:18 | Research | Castle Age |
| 12:19 | Research | Castle Age |
| 12:23 | Research | Horse Collar |
| 12:24 | Research | Horse Collar |
| 12:44 | Build | House |
| 12:55 | Build | Farm |
| 12:57 | Build | Farm |
| 13:01 | Create | Villager (Male) |
| 13:01 | Create | Villager (Male) |
| 13:20 | Build | Farm |
| 13:47 | Build | Farm |
| 13:51 | Build | Farm |
| 14:02 | Build | Farm |
| 14:33 | Build | Farm |
| 14:44 | Research | Gold Mining |
| 14:58 | Age | Castle Age |
| 15:07 | Build | Castle |
| 15:35 | Create | Villager (Male) |
| 15:40 | Research | Town Watch |
| 15:43 | Create | Villager (Male) |
| 15:56 | Build | Lumber Camp |
| 16:14 | Create | Arambai |
| 16:15 | Research | Bloodlines |
| 16:15 | Research | Bloodlines |
| 16:16 | Create | Villager (Male) |
| 16:32 | Create | Arambai |
| 16:38 | Create | Villager (Male) |
| 16:47 | Create | Villager (Male) |
| 16:56 | Create | Arambai |
| 16:56 | Create | Arambai |
| 16:56 | Create | Arambai |
| 17:03 | Create | Arambai |
| 17:17 | Create | Villager (Male) |
| 17:30 | Create | Arambai |
| 17:32 | Create | Villager (Male) |
| 17:51 | Create | Villager (Male) |
| 17:52 | Create | Arambai |
| 17:52 | Create | Arambai |
| 18:10 | Create | Arambai |
| 18:30 | Create | Arambai |
| 18:33 | Build | Stone Wall |
| 18:38 | Build | Stone Wall |
| 18:45 | Create | Villager (Male) |
| 18:58 | Create | Villager (Male) |
| 18:59 | Create | Arambai |
| 19:15 | Create | Arambai |
| 19:25 | Build | Stone Wall |
| 19:31 | Research | Loom |
| 19:31 | Research | Loom |
| 19:32 | Research | Wheelbarrow |
| 19:33 | Create | Arambai |
| 19:53 | Create | Arambai |
| 19:55 | Build | Stone Wall |
| 19:58 | Build | Stone Wall |
| 20:07 | Research | Padded Archer Armor |
| 20:08 | Research | Padded Archer Armor |
| 20:14 | Build | Blacksmith |
| 20:16 | Research | Husbandry |
| 20:16 | Research | Husbandry |
| 20:26 | Create | Arambai |
| 20:26 | Create | Arambai |
| 20:27 | Create | Villager (Male) |
| 20:41 | Create | Villager (Male) |
| 20:55 | Create | Villager (Male) |
| 20:55 | Create | Arambai |
| 20:59 | Research | Padded Archer Armor |
| 21:00 | Research | Padded Archer Armor |
| 21:16 | Create | Villager (Male) |
| 21:33 | Build | Stone Wall |
| 21:38 | Create | Arambai |
| 21:39 | Create | Arambai |
| 21:42 | Create | Villager (Male) |
| 22:13 | Create | Arambai |
| 22:14 | Create | Villager (Male) |
| 22:15 | Create | Arambai |
| 22:23 | Create | Arambai |
| 22:23 | Create | Villager (Male) |
| 22:35 | Build | House |
| 22:35 | Build | House |
| 23:10 | Build | Stone Wall |
| 23:21 | Create | Arambai |
| 23:21 | Create | Arambai |
| 23:33 | Build | Stone Wall |
| 23:37 | Create | Arambai |
| 23:37 | Create | Arambai |
| 23:44 | Build | Stone Wall |
| 23:47 | Create | Arambai |
| 24:20 | Create | Arambai |
| 24:22 | Build | Lumber Camp |
| 24:34 | Create | Arambai |
| 24:44 | Build | House |
| 24:44 | Build | House |
| 24:45 | Build | House |
| 25:43 | Create | Petard |
| 26:05 | Build | Town Center |
| 26:09 | Build | Stone Wall |
| 26:15 | Build | Lumber Camp |
| 26:18 | Build | Stone Wall |
| 26:54 | Build | Stable |
| 27:17 | Create | Villager (Male) |
| 27:17 | Create | Villager (Male) |
Build order — SHENBBBBB
First 150 of 230 actions detected
| 0:00 | Create | Villager (Male) |
| 0:01 | Create | Villager (Male) |
| 0:01 | Create | Villager (Male) |
| 0:01 | Create | Villager (Male) |
| 0:01 | Create | Villager (Male) |
| 0:03 | Build | House |
| 0:04 | Build | House |
| 1:26 | Create | Villager (Male) |
| 1:27 | Create | Villager (Male) |
| 1:51 | Create | Villager (Male) |
| 1:52 | Create | Villager (Male) |
| 2:16 | Build | Lumber Camp |
| 2:20 | Create | Villager (Male) |
| 2:20 | Create | Villager (Male) |
| 2:49 | Create | Villager (Male) |
| 2:49 | Create | Villager (Male) |
| 2:50 | Create | Villager (Male) |
| 3:20 | Create | Villager (Male) |
| 3:20 | Create | Villager (Male) |
| 3:24 | Build | House |
| 4:09 | Create | Villager (Male) |
| 4:09 | Create | Villager (Male) |
| 4:42 | Build | House |
| 5:05 | Create | Villager (Male) |
| 5:07 | Build | Lumber Camp |
| 5:20 | Create | Villager (Male) |
| 5:21 | Create | Villager (Male) |
| 5:21 | Create | Villager (Male) |
| 5:22 | Create | Villager (Male) |
| 5:22 | Create | Villager (Male) |
| 5:53 | Create | Villager (Male) |
| 6:17 | Create | Villager (Male) |
| 6:51 | Build | Mining Camp |
| 7:35 | Create | Villager (Male) |
| 7:39 | Build | Mill |
| 7:46 | Create | Villager (Male) |
| 8:09 | Build | House |
| 8:50 | Build | Farm |
| 9:02 | Build | Mining Camp |
| 9:16 | Create | Villager (Male) |
| 9:37 | Research | Feudal Age |
| 9:37 | Research | Feudal Age |
| 10:37 | Create | Villager (Male) |
| 10:37 | Create | Villager (Male) |
| 10:55 | Build | Farm |
| 10:59 | Build | Farm |
| 11:51 | Age | Feudal Age |
| 11:53 | Build | Market |
| 11:57 | Build | Blacksmith |
| 12:07 | Create | Villager (Male) |
| 12:31 | Research | Double-Bit Axe |
| 12:32 | Research | Castle Age |
| 12:32 | Research | Castle Age |
| 13:07 | Build | House |
| 13:09 | Research | Horse Collar |
| 13:09 | Research | Horse Collar |
| 13:43 | Build | House |
| 13:54 | Build | Farm |
| 13:59 | Build | Farm |
| 15:09 | Research | Loom |
| 15:10 | Create | Villager (Male) |
| 15:21 | Age | Castle Age |
| 15:23 | Research | Bow Saw |
| 15:51 | Build | Castle |
| 16:16 | Create | Villager (Male) |
| 16:17 | Create | Villager (Male) |
| 16:28 | Build | Farm |
| 16:32 | Build | Farm |
| 16:41 | Build | Siege Workshop |
| 16:49 | Build | Siege Workshop |
| 16:54 | Build | Farm |
| 16:57 | Build | Farm |
| 16:59 | Build | Farm |
| 17:07 | Build | Farm |
| 17:09 | Build | Farm |
| 17:12 | Build | Farm |
| 17:13 | Build | Farm |
| 17:14 | Create | Villager (Male) |
| 17:22 | Create | Conquistador |
| 17:25 | Create | Conquistador |
| 17:36 | Create | Battering Ram |
| 17:44 | Create | Conquistador |
| 17:47 | Build | Farm |
| 18:09 | Create | Battering Ram |
| 18:14 | Create | Villager (Male) |
| 18:27 | Create | Conquistador |
| 18:36 | Create | Villager (Male) |
| 18:38 | Create | Battering Ram |
| 18:55 | Create | Conquistador |
| 19:01 | Create | Conquistador |
| 19:05 | Create | Villager (Male) |
| 19:06 | Research | Gold Mining |
| 19:06 | Research | Gold Mining |
| 19:42 | Create | Conquistador |
| 19:49 | Create | Battering Ram |
| 19:51 | Create | Villager (Male) |
| 19:52 | Create | Villager (Male) |
| 19:57 | Create | Villager (Male) |
| 20:05 | Build | Farm |
| 20:07 | Build | Farm |
| 20:12 | Build | Farm |
| 20:16 | Build | Farm |
| 20:21 | Create | Battering Ram |
| 20:27 | Create | Conquistador |
| 20:48 | Create | Conquistador |
| 20:50 | Create | Villager (Male) |
| 20:58 | Create | Villager (Male) |
| 21:02 | Create | Villager (Male) |
| 21:05 | Build | House |
| 21:54 | Create | Conquistador |
| 22:06 | Build | Town Center |
| 22:06 | Create | Villager (Male) |
| 22:10 | Research | Wheelbarrow |
| 22:12 | Create | Conquistador |
| 22:17 | Create | Villager (Male) |
| 22:24 | Research | Padded Archer Armor |
| 22:26 | Create | Villager (Male) |
| 22:36 | Build | Farm |
| 22:41 | Build | Farm |
| 22:45 | Build | House |
| 22:46 | Build | House |
| 22:59 | Create | Conquistador |
| 23:00 | Create | Conquistador |
| 23:09 | Create | Villager (Male) |
| 23:15 | Research | Town Watch |
| 23:20 | Create | Villager (Male) |
| 23:20 | Create | Villager (Male) |
| 23:21 | Create | Villager (Male) |
| 23:23 | Build | Farm |
| 23:23 | Build | Farm |
| 23:29 | Create | Conquistador |
| 23:43 | Create | Villager (Male) |
| 23:49 | Build | House |
| 23:51 | Build | House |
| 23:53 | Build | House |
| 24:05 | Create | Villager (Male) |
| 24:10 | Create | Conquistador |
| 24:26 | Create | Conquistador |
| 24:40 | Create | Villager (Male) |
| 24:41 | Create | Villager (Male) |
| 24:43 | Build | Farm |
| 24:44 | Build | Farm |
| 24:46 | Build | Farm |
| 24:47 | Create | Villager (Male) |
| 25:02 | Create | Conquistador |
| 25:02 | Create | Conquistador |
| 25:03 | Create | Conquistador |
| 25:14 | Create | Villager (Male) |
| 25:50 | Create | Villager (Male) |
| 26:29 | Create | Conquistador |
Build order — DoubleZX
First 150 of 288 actions detected
| 0:00 | Create | Villager (Male) |
| 0:01 | Create | Villager (Male) |
| 0:01 | Create | Villager (Male) |
| 0:02 | Build | House |
| 0:05 | Build | House |
| 0:09 | Create | Villager (Male) |
| 1:24 | Create | Villager (Male) |
| 1:25 | Create | Villager (Male) |
| 1:49 | Create | Villager (Male) |
| 2:14 | Create | Villager (Male) |
| 2:14 | Create | Villager (Male) |
| 2:46 | Create | Villager (Male) |
| 2:46 | Create | Villager (Male) |
| 3:18 | Create | Villager (Male) |
| 3:20 | Create | Villager (Male) |
| 3:37 | Create | Villager (Male) |
| 3:49 | Build | House |
| 3:59 | Create | Villager (Male) |
| 4:26 | Build | Lumber Camp |
| 4:35 | Create | Villager (Male) |
| 4:41 | Create | Villager (Male) |
| 4:56 | Create | Villager (Male) |
| 5:01 | Create | Villager (Male) |
| 5:30 | Create | Villager (Male) |
| 5:31 | Create | Villager (Male) |
| 5:31 | Create | Villager (Male) |
| 5:35 | Create | Villager (Male) |
| 5:44 | Build | Mill |
| 6:02 | Build | House |
| 7:19 | Build | Mining Camp |
| 7:39 | Research | Feudal Age |
| 7:39 | Research | Feudal Age |
| 7:45 | Create | Villager (Male) |
| 7:45 | Create | Villager (Male) |
| 8:07 | Build | House |
| 8:23 | Create | Villager (Male) |
| 8:30 | Build | Mining Camp |
| 8:43 | Research | Loom |
| 8:45 | Research | Feudal Age |
| 8:54 | Build | House |
| 9:37 | Build | House |
| 9:45 | Create | Villager (Male) |
| 9:46 | Create | Villager (Male) |
| 9:52 | Build | Farm |
| 10:05 | Create | Villager (Male) |
| 11:08 | Build | Farm |
| 11:21 | Age | Feudal Age |
| 11:34 | Build | Market |
| 11:50 | Build | Gate |
| 12:00 | Create | Villager (Male) |
| 12:29 | Build | Blacksmith |
| 12:37 | Build | Stone Wall |
| 12:59 | Research | Castle Age |
| 12:59 | Research | Castle Age |
| 13:19 | Research | Horse Collar |
| 13:27 | Build | Farm |
| 13:59 | Create | Villager (Male) |
| 14:00 | Create | Villager (Male) |
| 14:10 | Build | Farm |
| 14:15 | Build | Farm |
| 14:17 | Build | Farm |
| 14:38 | Research | Double-Bit Axe |
| 14:38 | Research | Double-Bit Axe |
| 14:51 | Create | Villager (Male) |
| 15:02 | Build | Farm |
| 15:22 | Research | Loom |
| 15:39 | Age | Castle Age |
| 15:47 | Build | Castle |
| 15:52 | Create | Villager (Male) |
| 15:58 | Research | Bow Saw |
| 15:58 | Research | Bow Saw |
| 16:19 | Create | Villager (Male) |
| 16:24 | Build | Farm |
| 16:45 | Build | Mining Camp |
| 16:52 | Create | Conquistador |
| 16:52 | Create | Conquistador |
| 16:59 | Create | Villager (Male) |
| 17:07 | Build | Farm |
| 17:19 | Research | Wheelbarrow |
| 17:27 | Build | House |
| 17:34 | Create | Villager (Male) |
| 17:38 | Create | Conquistador |
| 17:44 | Create | Conquistador |
| 17:49 | Build | Farm |
| 17:56 | Build | House |
| 18:02 | Create | Conquistador |
| 18:12 | Build | Farm |
| 18:32 | Create | Conquistador |
| 18:45 | Create | Villager (Male) |
| 18:49 | Build | Outpost |
| 18:54 | Research | Town Watch |
| 19:03 | Build | Farm |
| 19:07 | Create | Conquistador |
| 19:18 | Build | Farm |
| 19:22 | Create | Villager (Male) |
| 19:26 | Create | Villager (Male) |
| 19:30 | Create | Conquistador |
| 19:30 | Create | Conquistador |
| 19:37 | Build | Monastery |
| 19:43 | Create | Conquistador |
| 19:44 | Create | Conquistador |
| 19:51 | Create | Villager (Male) |
| 19:51 | Create | Villager (Male) |
| 20:00 | Create | Conquistador |
| 20:04 | Research | Padded Archer Armor |
| 20:04 | Research | Padded Archer Armor |
| 20:18 | Create | Monk |
| 20:21 | Build | Outpost |
| 20:23 | Create | Villager (Male) |
| 20:28 | Create | Villager (Male) |
| 20:34 | Build | Farm |
| 20:45 | Create | Conquistador |
| 20:48 | Create | Monk |
| 20:54 | Build | Outpost |
| 20:54 | Create | Villager (Male) |
| 20:54 | Create | Villager (Male) |
| 20:59 | Create | Villager (Male) |
| 20:59 | Create | Villager (Male) |
| 21:18 | Create | Conquistador |
| 21:18 | Create | Conquistador |
| 21:27 | Build | House |
| 21:41 | Create | Conquistador |
| 21:42 | Create | Conquistador |
| 21:42 | Create | Conquistador |
| 21:42 | Create | Villager (Male) |
| 21:46 | Create | Conquistador |
| 21:55 | Build | Barracks |
| 21:55 | Create | Conquistador |
| 22:14 | Build | Farm |
| 22:26 | Create | Conquistador |
| 22:28 | Create | Villager (Male) |
| 22:29 | Create | Villager (Male) |
| 22:29 | Create | Villager (Male) |
| 22:42 | Build | Stable |
| 22:47 | Create | Villager (Male) |
| 22:48 | Create | Villager (Male) |
| 22:50 | Create | Villager (Male) |
| 23:00 | Build | Outpost |
| 23:01 | Create | Villager (Male) |
| 23:04 | Create | Conquistador |
| 23:09 | Build | Farm |
| 23:21 | Research | Gold Mining |
| 23:21 | Research | Gold Mining |
| 23:48 | Research | Bloodlines |
| 23:48 | Research | Bloodlines |
| 23:59 | Create | Villager (Male) |
| 23:59 | Create | Villager (Male) |
| 24:05 | Build | Outpost |
| 24:07 | Create | Villager (Male) |
| 24:10 | Create | Villager (Male) |
Build order — MANQUELINI
First 150 of 235 actions detected
| 0:00 | Create | Villager (Male) |
| 0:00 | Create | Villager (Male) |
| 0:01 | Create | Villager (Male) |
| 0:03 | Build | House |
| 0:04 | Build | House |
| 0:18 | Create | Villager (Male) |
| 0:19 | Create | Villager (Male) |
| 1:22 | Build | Lumber Camp |
| 1:54 | Create | Villager (Male) |
| 1:54 | Create | Villager (Male) |
| 1:56 | Create | Villager (Male) |
| 2:34 | Create | Villager (Male) |
| 3:10 | Create | Villager (Male) |
| 3:10 | Create | Villager (Male) |
| 3:10 | Create | Villager (Male) |
| 3:25 | Build | House |
| 3:31 | Build | Mill |
| 3:50 | Create | Villager (Male) |
| 4:25 | Create | Villager (Male) |
| 4:26 | Create | Villager (Male) |
| 5:08 | Create | Villager (Male) |
| 5:33 | Create | Villager (Male) |
| 6:00 | Research | Feudal Age |
| 7:03 | Build | House |
| 7:15 | Build | House |
| 7:16 | Build | House |
| 7:19 | Build | House |
| 7:40 | Create | Villager (Male) |
| 7:41 | Create | Villager (Male) |
| 8:04 | Age | Feudal Age |
| 8:11 | Research | Double-Bit Axe |
| 8:19 | Build | Barracks |
| 8:53 | Create | Villager (Male) |
| 8:54 | Create | Villager (Male) |
| 9:24 | Build | Farm |
| 9:37 | Build | Stable |
| 9:37 | Create | Villager (Male) |
| 10:01 | Create | Villager (Male) |
| 10:21 | Create | Villager (Male) |
| 10:30 | Build | Farm |
| 10:33 | Create | Scout Cavalry |
| 10:33 | Create | Scout Cavalry |
| 10:38 | Build | Blacksmith |
| 10:45 | Build | Farm |
| 10:46 | Build | Farm |
| 10:47 | Create | Villager (Male) |
| 11:00 | Create | Villager (Male) |
| 11:09 | Create | Scout Cavalry |
| 11:26 | Build | Farm |
| 11:27 | Build | Farm |
| 11:29 | Build | Farm |
| 11:30 | Create | Villager (Male) |
| 11:39 | Create | Scout Cavalry |
| 11:43 | Build | House |
| 11:45 | Build | House |
| 11:46 | Build | House |
| 11:49 | Create | Villager (Male) |
| 11:59 | Create | Villager (Male) |
| 12:43 | Create | Villager (Male) |
| 12:58 | Create | Scout Cavalry |
| 13:07 | Build | Stable |
| 13:07 | Create | Villager (Male) |
| 13:13 | Build | Farm |
| 13:13 | Build | Farm |
| 13:15 | Build | Farm |
| 13:15 | Build | Farm |
| 13:16 | Build | Farm |
| 13:21 | Build | Farm |
| 13:22 | Build | Farm |
| 13:28 | Create | Villager (Male) |
| 13:41 | Research | Forging |
| 13:43 | Create | Villager (Male) |
| 14:14 | Research | Bloodlines |
| 14:21 | Create | Villager (Male) |
| 14:44 | Create | Villager (Male) |
| 14:48 | Create | Scout Cavalry |
| 14:48 | Create | Scout Cavalry |
| 15:06 | Create | Villager (Male) |
| 15:09 | Build | Farm |
| 15:09 | Build | Farm |
| 15:10 | Build | Farm |
| 15:13 | Build | Farm |
| 15:13 | Build | Farm |
| 15:13 | Build | Farm |
| 15:14 | Build | Farm |
| 15:14 | Build | Farm |
| 15:14 | Build | Farm |
| 15:14 | Build | Farm |
| 15:15 | Create | Villager (Male) |
| 15:39 | Research | Scale Barding Armor |
| 15:45 | Build | Farm |
| 15:56 | Create | Villager (Male) |
| 16:21 | Create | Villager (Male) |
| 16:44 | Research | Wheelbarrow |
| 16:49 | Build | House |
| 16:51 | Build | House |
| 16:52 | Build | House |
| 16:53 | Build | House |
| 17:25 | Create | Scout Cavalry |
| 17:26 | Create | Scout Cavalry |
| 17:26 | Create | Scout Cavalry |
| 17:55 | Build | Mining Camp |
| 17:58 | Create | Villager (Male) |
| 17:59 | Create | Villager (Male) |
| 17:59 | Create | Villager (Male) |
| 18:03 | Build | Lumber Camp |
| 18:09 | Build | Stable |
| 18:11 | Create | Scout Cavalry |
| 18:12 | Create | Scout Cavalry |
| 18:38 | Create | Scout Cavalry |
| 18:38 | Create | Scout Cavalry |
| 18:38 | Create | Scout Cavalry |
| 18:45 | Build | Stable |
| 19:24 | Create | Villager (Male) |
| 19:25 | Create | Villager (Male) |
| 19:25 | Create | Villager (Male) |
| 19:33 | Create | Scout Cavalry |
| 19:33 | Create | Scout Cavalry |
| 19:33 | Create | Scout Cavalry |
| 19:34 | Create | Scout Cavalry |
| 19:34 | Create | Scout Cavalry |
| 19:34 | Create | Scout Cavalry |
| 19:46 | Research | Horse Collar |
| 20:37 | Research | Castle Age |
| 21:38 | Build | House |
| 21:39 | Build | House |
| 21:40 | Build | House |
| 21:42 | Create | Scout Cavalry |
| 21:43 | Create | Scout Cavalry |
| 21:46 | Create | Scout Cavalry |
| 22:02 | Create | Scout Cavalry |
| 22:02 | Create | Scout Cavalry |
| 22:03 | Create | Scout Cavalry |
| 22:03 | Create | Scout Cavalry |
| 23:02 | Create | Villager (Male) |
| 23:02 | Age | Castle Age |
| 23:04 | Research | Chain Barding Armor |
| 23:07 | Research | Light Cavalry (upgrade) |
| 23:18 | Create | Scout Cavalry |
| 23:43 | Create | Villager (Male) |
| 23:45 | Create | Villager (Male) |
| 23:45 | Create | Villager (Male) |
| 23:46 | Create | Scout Cavalry |
| 24:04 | Build | Mill |
| 24:05 | Build | Farm |
| 24:05 | Build | Farm |
| 24:05 | Build | Farm |
| 24:06 | Build | Farm |
| 24:06 | Build | Farm |
| 24:06 | Build | Farm |
Build order — Ux'unreal.
First 150 of 433 actions detected
| 0:01 | Create | Villager (Male) |
| 0:02 | Build | House |
| 0:03 | Build | House |
| 0:09 | Create | Villager (Male) |
| 0:10 | Create | Villager (Male) |
| 0:10 | Create | Villager (Male) |
| 1:23 | Create | Villager (Male) |
| 1:24 | Create | Villager (Male) |
| 1:47 | Create | Villager (Male) |
| 2:09 | Create | Villager (Male) |
| 2:10 | Create | Villager (Male) |
| 2:29 | Create | Villager (Male) |
| 2:29 | Create | Villager (Male) |
| 3:04 | Build | Lumber Camp |
| 3:09 | Create | Villager (Male) |
| 3:41 | Create | Villager (Male) |
| 3:42 | Create | Villager (Male) |
| 3:53 | Build | House |
| 3:55 | Build | House |
| 4:00 | Create | Villager (Male) |
| 4:00 | Create | Villager (Male) |
| 4:19 | Create | Villager (Male) |
| 4:20 | Create | Villager (Male) |
| 4:35 | Create | Villager (Male) |
| 4:41 | Create | Villager (Male) |
| 4:48 | Build | Mill |
| 5:20 | Create | Villager (Male) |
| 5:32 | Build | House |
| 5:32 | Build | House |
| 5:42 | Create | Villager (Male) |
| 6:03 | Build | House |
| 6:11 | Create | Villager (Male) |
| 6:33 | Create | Villager (Male) |
| 7:39 | Build | Lumber Camp |
| 7:44 | Build | Lumber Camp |
| 7:52 | Create | Villager (Male) |
| 8:01 | Create | Villager (Male) |
| 8:30 | Create | Villager (Male) |
| 8:47 | Build | Mining Camp |
| 8:50 | Create | Villager (Male) |
| 9:16 | Research | Feudal Age |
| 9:34 | Build | House |
| 11:10 | Create | Villager (Male) |
| 11:46 | Age | Feudal Age |
| 11:47 | Build | Market |
| 11:50 | Build | Blacksmith |
| 11:53 | Create | Villager (Male) |
| 11:54 | Research | Double-Bit Axe |
| 11:59 | Build | Farm |
| 12:00 | Build | Farm |
| 12:01 | Build | Farm |
| 12:06 | Build | Farm |
| 12:08 | Build | Farm |
| 12:34 | Research | Castle Age |
| 12:35 | Research | Castle Age |
| 12:44 | Build | Farm |
| 12:45 | Build | Farm |
| 13:08 | Research | Horse Collar |
| 13:38 | Build | Farm |
| 13:41 | Build | Farm |
| 14:14 | Build | House |
| 14:15 | Build | House |
| 14:18 | Build | House |
| 14:18 | Build | House |
| 14:52 | Create | Villager (Male) |
| 15:16 | Age | Castle Age |
| 15:20 | Build | Town Center |
| 15:24 | Build | Town Center |
| 15:28 | Create | Villager (Male) |
| 15:34 | Research | Bow Saw |
| 15:44 | Build | House |
| 15:45 | Build | House |
| 16:01 | Create | Villager (Male) |
| 16:11 | Research | Heavy Plow |
| 16:11 | Research | Heavy Plow |
| 16:19 | Create | Villager (Male) |
| 16:19 | Create | Villager (Male) |
| 16:22 | Create | Villager (Male) |
| 16:22 | Create | Villager (Male) |
| 16:36 | Create | Villager (Male) |
| 16:36 | Create | Villager (Male) |
| 16:37 | Build | Farm |
| 16:38 | Build | Farm |
| 16:39 | Build | Farm |
| 16:44 | Build | House |
| 16:51 | Create | Villager (Male) |
| 16:55 | Build | Farm |
| 17:01 | Create | Villager (Male) |
| 17:16 | Build | Farm |
| 17:20 | Create | Villager (Male) |
| 17:24 | Create | Villager (Male) |
| 17:25 | Build | Farm |
| 17:30 | Build | Farm |
| 17:33 | Create | Villager (Male) |
| 17:34 | Create | Villager (Male) |
| 17:41 | Build | Farm |
| 17:45 | Create | Villager (Male) |
| 17:53 | Create | Villager (Male) |
| 18:06 | Create | Villager (Male) |
| 18:19 | Build | Town Center |
| 18:23 | Create | Villager (Male) |
| 18:29 | Build | Farm |
| 18:31 | Build | Farm |
| 18:33 | Create | Villager (Male) |
| 18:36 | Build | Farm |
| 18:36 | Build | Farm |
| 18:39 | Build | Farm |
| 18:41 | Create | Villager (Male) |
| 18:50 | Create | Villager (Male) |
| 18:53 | Build | Farm |
| 18:57 | Research | Stone Mining |
| 18:59 | Create | Villager (Male) |
| 19:00 | Create | Villager (Male) |
| 19:00 | Create | Villager (Male) |
| 19:03 | Build | Farm |
| 19:06 | Build | Farm |
| 19:08 | Build | Farm |
| 19:13 | Create | Villager (Male) |
| 19:22 | Create | Villager (Male) |
| 19:23 | Create | Villager (Male) |
| 19:26 | Build | Farm |
| 19:29 | Build | Farm |
| 19:32 | Build | Farm |
| 19:32 | Build | Farm |
| 19:37 | Create | Villager (Male) |
| 19:40 | Create | Villager (Male) |
| 19:43 | Create | Villager (Male) |
| 19:43 | Create | Villager (Male) |
| 19:57 | Create | Villager (Male) |
| 19:57 | Create | Villager (Male) |
| 20:04 | Create | Villager (Male) |
| 20:11 | Create | Villager (Male) |
| 20:13 | Build | Town Center |
| 20:18 | Create | Villager (Male) |
| 20:31 | Create | Villager (Male) |
| 20:32 | Create | Villager (Male) |
| 20:45 | Create | Villager (Male) |
| 20:45 | Create | Villager (Male) |
| 20:52 | Research | Gold Mining |
| 20:53 | Research | Gold Mining |
| 20:54 | Create | Villager (Male) |
| 20:57 | Create | Villager (Male) |
| 20:57 | Create | Villager (Male) |
| 21:02 | Create | Villager (Male) |
| 21:07 | Build | Farm |
| 21:08 | Build | Farm |
| 21:08 | Build | Farm |
| 21:08 | Build | Farm |
| 21:08 | Build | Farm |
| 21:13 | Create | Villager (Male) ×5 |
Build order — araña mela del burro
First 150 of 261 actions detected
| 0:01 | Create | Villager (Male) |
| 0:01 | Create | Villager (Male) |
| 0:01 | Create | Villager (Male) |
| 0:05 | Build | House |
| 0:09 | Create | Villager (Male) |
| 0:22 | Build | Mill |
| 0:26 | Build | House |
| 0:26 | Build | House |
| 0:27 | Build | House |
| 0:28 | Build | House |
| 1:38 | Create | Villager (Male) |
| 2:06 | Create | Villager (Male) |
| 2:06 | Create | Villager (Male) |
| 2:35 | Create | Villager (Male) |
| 2:59 | Create | Villager (Male) |
| 2:59 | Create | Villager (Male) |
| 3:03 | Create | Villager (Male) |
| 3:04 | Create | Villager (Male) |
| 3:20 | Create | Villager (Male) |
| 3:42 | Create | Villager (Male) |
| 4:00 | Create | Villager (Male) |
| 4:01 | Create | Villager (Male) |
| 4:09 | Create | Villager (Male) |
| 5:11 | Create | Villager (Male) |
| 5:23 | Create | Villager (Male) |
| 5:38 | Build | Lumber Camp |
| 5:44 | Create | Villager (Male) |
| 5:44 | Create | Villager (Male) |
| 5:44 | Create | Villager (Male) |
| 6:03 | Create | Villager (Male) |
| 6:03 | Create | Villager (Male) |
| 6:36 | Create | Villager (Male) |
| 7:20 | Research | Feudal Age |
| 7:20 | Research | Feudal Age |
| 8:56 | Build | House |
| 8:57 | Build | House |
| 9:00 | Build | House |
| 9:15 | Research | Loom |
| 9:16 | Create | Villager (Male) |
| 9:16 | Create | Villager (Male) |
| 9:16 | Create | Villager (Male) |
| 9:21 | Create | Villager (Male) |
| 9:22 | Create | Villager (Male) |
| 9:23 | Create | Villager (Male) |
| 9:45 | Age | Feudal Age |
| 9:47 | Create | Villager (Male) |
| 9:54 | Build | Market |
| 10:08 | Create | Villager (Male) |
| 10:15 | Build | Mining Camp |
| 10:23 | Build | Blacksmith |
| 10:33 | Create | Villager (Male) |
| 10:33 | Create | Villager (Male) |
| 11:04 | Create | Villager (Male) |
| 11:05 | Create | Villager (Male) |
| 11:17 | Create | Villager (Male) |
| 11:23 | Research | Horse Collar |
| 11:24 | Research | Horse Collar |
| 11:36 | Create | Villager (Male) |
| 12:12 | Create | Villager (Male) |
| 12:15 | Build | Farm |
| 12:15 | Build | Farm |
| 12:15 | Build | Farm |
| 12:15 | Build | Farm |
| 12:16 | Build | Farm |
| 12:16 | Build | Farm |
| 12:16 | Build | Farm |
| 12:16 | Build | Farm |
| 12:16 | Build | Farm |
| 12:17 | Build | Farm |
| 12:17 | Build | Farm |
| 12:17 | Build | Farm |
| 12:17 | Build | Farm |
| 12:24 | Build | Farm |
| 12:40 | Create | Villager (Male) |
| 13:16 | Build | Farm |
| 13:32 | Research | Castle Age |
| 13:32 | Research | Castle Age |
| 14:00 | Research | Double-Bit Axe |
| 14:25 | Build | Farm |
| 14:25 | Build | Farm |
| 15:35 | Build | Barracks |
| 15:48 | Create | Villager (Male) |
| 15:48 | Create | Villager (Male) |
| 16:12 | Age | Castle Age |
| 16:19 | Build | Siege Workshop |
| 16:24 | Create | Villager (Male) |
| 16:45 | Create | Villager (Male) |
| 16:47 | Create | Armored Elephant |
| 16:47 | Create | Armored Elephant |
| 16:48 | Create | Armored Elephant |
| 16:48 | Create | Armored Elephant |
| 17:01 | Create | Armored Elephant |
| 17:17 | Build | Stable |
| 17:36 | Create | Villager (Male) |
| 17:51 | Build | House |
| 18:00 | Research | Husbandry |
| 18:01 | Research | Husbandry |
| 18:10 | Build | House |
| 18:10 | Build | House |
| 18:10 | Build | House |
| 18:33 | Create | Armored Elephant |
| 18:49 | Build | Stable |
| 19:17 | Create | Armored Elephant |
| 19:29 | Create | Villager (Male) |
| 19:29 | Create | Villager (Male) |
| 19:34 | Build | Farm |
| 19:34 | Build | Farm |
| 19:34 | Build | Farm |
| 19:35 | Build | Farm |
| 19:35 | Build | Farm |
| 19:35 | Build | Farm |
| 20:03 | Create | Armored Elephant |
| 20:03 | Create | Armored Elephant |
| 20:48 | Create | Camel Scout |
| 20:48 | Create | Camel Scout |
| 20:48 | Create | Camel Scout |
| 20:48 | Create | Camel Scout |
| 20:59 | Create | Camel Scout |
| 21:06 | Build | House |
| 21:06 | Build | House |
| 21:06 | Build | House |
| 21:07 | Build | House |
| 21:07 | Build | House |
| 21:07 | Build | House |
| 21:07 | Build | House |
| 21:07 | Build | House |
| 21:09 | Create | Camel Scout |
| 21:09 | Create | Camel Scout |
| 21:09 | Create | Camel Scout |
| 21:20 | Create | Camel Scout |
| 21:21 | Create | Camel Scout |
| 21:47 | Create | Camel Scout |
| 21:47 | Create | Camel Scout |
| 21:47 | Create | Camel Scout |
| 22:12 | Create | Camel Scout |
| 22:13 | Create | Camel Scout |
| 23:11 | Create | Villager (Male) |
| 23:11 | Create | Villager (Male) |
| 23:12 | Create | Villager (Male) |
| 23:13 | Create | Villager (Male) |
| 23:14 | Create | Villager (Male) |
| 24:03 | Create | Camel Scout |
| 24:03 | Create | Camel Scout |
| 24:04 | Create | Camel Scout |
| 24:04 | Create | Camel Scout |
| 24:04 | Create | Camel Scout |
| 24:04 | Create | Camel Scout |
| 24:10 | Create | Villager (Male) |
| 24:10 | Create | Villager (Male) |
| 24:15 | Build | Farm |
Build order — Kyandie
First 150 of 313 actions detected
| 0:01 | Create | Villager (Male) |
| 0:02 | Build | House |
| 0:04 | Build | House |
| 0:12 | Create | Villager (Male) |
| 0:12 | Create | Villager (Male) |
| 0:14 | Create | Villager (Male) |
| 1:11 | Build | Mill |
| 1:32 | Create | Villager (Male) |
| 2:05 | Create | Villager (Male) |
| 2:24 | Create | Villager (Male) |
| 2:32 | Create | Villager (Male) |
| 3:11 | Build | Lumber Camp |
| 3:19 | Create | Villager (Male) |
| 3:19 | Create | Villager (Male) |
| 3:39 | Create | Villager (Male) |
| 3:54 | Build | House |
| 3:55 | Build | House |
| 4:07 | Create | Villager (Male) |
| 4:10 | Create | Villager (Male) |
| 4:22 | Build | House |
| 4:42 | Create | Villager (Male) |
| 5:00 | Create | Villager (Male) |
| 5:00 | Create | Villager (Male) |
| 5:44 | Create | Villager (Male) |
| 6:19 | Build | Farm |
| 6:37 | Create | Villager (Male) |
| 6:37 | Create | Villager (Male) |
| 7:25 | Create | Villager (Male) |
| 7:30 | Create | Villager (Male) |
| 7:51 | Create | Villager (Male) |
| 7:58 | Build | Farm |
| 8:30 | Build | Mining Camp |
| 8:43 | Research | Feudal Age |
| 9:53 | Build | Barracks |
| 10:11 | Build | Farm |
| 10:18 | Build | Farm |
| 10:26 | Build | House |
| 10:46 | Build | House |
| 10:54 | Create | Villager (Male) |
| 10:55 | Create | Villager (Male) |
| 10:56 | Age | Feudal Age |
| 10:58 | Build | Stable |
| 11:04 | Build | Blacksmith |
| 11:09 | Research | Double-Bit Axe |
| 11:41 | Research | Castle Age |
| 11:55 | Research | Horse Collar |
| 12:03 | Build | Farm |
| 12:07 | Build | Farm |
| 12:10 | Build | Farm |
| 12:32 | Research | Gold Mining |
| 12:52 | Build | Farm |
| 12:56 | Build | Farm |
| 13:04 | Build | House |
| 13:08 | Research | Bloodlines |
| 13:25 | Build | Farm |
| 13:28 | Build | Farm |
| 13:44 | Build | Farm |
| 13:58 | Build | Farm |
| 13:59 | Research | Scale Barding Armor |
| 14:21 | Create | Villager (Male) |
| 14:23 | Create | Camel Scout |
| 14:33 | Age | Castle Age |
| 14:40 | Create | Villager (Male) |
| 14:44 | Build | Farm |
| 14:56 | Create | Villager (Male) |
| 15:06 | Create | Camel Scout |
| 15:39 | Build | Siege Workshop |
| 15:41 | Create | Villager (Male) |
| 15:55 | Research | Chain Barding Armor |
| 16:13 | Create | Villager (Male) |
| 16:37 | Create | Villager (Male) |
| 16:44 | Create | Mangonel |
| 16:46 | Create | Villager (Male) |
| 16:49 | Build | House |
| 17:04 | Build | House |
| 17:05 | Build | House |
| 17:21 | Create | Camel Scout |
| 17:32 | Create | Villager (Male) |
| 17:34 | Create | Villager (Male) |
| 17:36 | Create | Camel Scout |
| 17:45 | Research | Forging |
| 17:52 | Create | Villager (Male) |
| 17:58 | Build | Farm |
| 17:59 | Build | Farm |
| 18:20 | Research | Husbandry |
| 18:38 | Build | Monastery |
| 18:40 | Build | House |
| 18:52 | Create | Villager (Male) |
| 18:53 | Create | Villager (Male) |
| 19:04 | Create | Camel Scout |
| 19:10 | Create | Mangonel |
| 19:15 | Create | Villager (Male) |
| 19:25 | Build | Farm |
| 19:27 | Build | House |
| 19:28 | Create | Villager (Male) |
| 19:47 | Create | Camel Scout |
| 19:48 | Create | Villager (Male) |
| 20:08 | Create | Villager (Male) |
| 20:10 | Create | Camel Scout |
| 20:13 | Create | Monk |
| 20:32 | Create | Villager (Male) |
| 20:34 | Create | Mangonel |
| 20:49 | Create | Villager (Male) |
| 20:54 | Create | Camel Scout |
| 21:14 | Create | Shrivamsha Rider |
| 21:17 | Create | Camel Scout |
| 21:23 | Create | Villager (Male) |
| 21:26 | Build | Town Center |
| 21:30 | Build | House |
| 21:31 | Build | House |
| 21:42 | Create | Camel Scout |
| 21:50 | Build | House |
| 21:52 | Build | House |
| 21:58 | Create | Villager (Male) |
| 22:15 | Create | Camel Scout |
| 22:24 | Create | Monk |
| 22:32 | Create | Camel Scout |
| 22:33 | Create | Villager (Male) |
| 22:44 | Create | Villager (Male) |
| 22:53 | Create | Villager (Male) |
| 22:54 | Create | Camel Scout |
| 23:04 | Create | Camel Scout |
| 23:19 | Create | Camel Scout |
| 23:21 | Create | Villager (Male) |
| 23:21 | Create | Villager (Male) |
| 23:23 | Build | Stable |
| 23:42 | Create | Camel Scout |
| 23:44 | Create | Villager (Male) |
| 23:48 | Create | Camel Scout |
| 23:57 | Create | Villager (Male) |
| 23:59 | Create | Villager (Male) |
| 23:59 | Create | Villager (Male) |
| 24:00 | Build | Farm |
| 24:00 | Build | Farm |
| 24:11 | Create | Camel Scout |
| 24:11 | Create | Camel Scout |
| 24:15 | Build | House |
| 24:15 | Build | House |
| 24:26 | Create | Camel Scout |
| 24:28 | Research | Wheelbarrow |
| 24:34 | Create | Villager (Male) |
| 24:36 | Create | Camel Scout |
| 24:43 | Create | Camel Scout |
| 24:44 | Create | Villager (Male) |
| 24:58 | Build | House |
| 24:59 | Build | House |
| 24:59 | Build | House |
| 25:06 | Create | Camel Scout |
| 25:22 | Build | Farm |
| 25:32 | Create | Camel Scout |
Build order — handlewithcare
First 150 of 211 actions detected
| 0:01 | Create | Villager (Male) ×4 |
| 0:03 | Build | House |
| 0:19 | Build | House |
| 0:20 | Build | House |
| 0:21 | Build | House |
| 1:23 | Create | Villager (Male) |
| 2:03 | Create | Villager (Male) |
| 2:29 | Create | Villager (Male) |
| 2:52 | Create | Villager (Male) |
| 3:14 | Create | Villager (Male) |
| 3:33 | Build | Lumber Camp |
| 3:44 | Create | Villager (Male) |
| 3:45 | Create | Villager (Male) |
| 4:34 | Create | Villager (Male) |
| 4:34 | Create | Villager (Male) |
| 4:36 | Create | Villager (Male) |
| 5:33 | Build | Mining Camp |
| 5:47 | Create | Villager (Male) |
| 6:19 | Research | Feudal Age |
| 7:28 | Build | Barracks |
| 7:35 | Build | House |
| 7:39 | Create | Villager (Male) |
| 8:29 | Age | Feudal Age |
| 8:36 | Build | House |
| 8:47 | Build | Archery Range |
| 8:50 | Research | Double-Bit Axe |
| 8:52 | Create | Villager (Male) |
| 9:05 | Build | House |
| 9:13 | Create | Villager (Male) |
| 9:35 | Build | Archery Range |
| 9:42 | Create | Villager (Male) |
| 9:44 | Create | Villager (Male) |
| 9:49 | Build | House |
| 9:52 | Build | House |
| 10:02 | Create | Archer |
| 10:03 | Create | Archer |
| 10:30 | Create | Villager (Male) |
| 10:41 | Create | Archer |
| 10:43 | Create | Archer |
| 10:43 | Create | Archer |
| 10:55 | Create | Villager (Male) |
| 11:03 | Build | Mill |
| 11:09 | Create | Villager (Male) |
| 11:21 | Create | Archer |
| 11:21 | Create | Archer |
| 11:50 | Create | Villager (Male) |
| 11:52 | Create | Villager (Male) |
| 12:05 | Create | Archer |
| 12:05 | Create | Archer |
| 12:21 | Research | Horse Collar |
| 12:45 | Create | Villager (Male) |
| 12:58 | Create | Villager (Male) |
| 13:08 | Create | Archer |
| 13:08 | Create | Archer |
| 13:22 | Build | Farm |
| 13:23 | Build | Farm |
| 13:24 | Build | Farm |
| 13:26 | Build | Farm |
| 13:37 | Build | Farm |
| 13:40 | Create | Villager (Male) |
| 13:49 | Build | Farm |
| 13:50 | Build | Farm |
| 13:52 | Create | Archer |
| 13:52 | Create | Archer |
| 14:02 | Build | Farm |
| 14:03 | Create | Villager (Male) |
| 14:05 | Create | Villager (Male) |
| 14:06 | Create | Archer |
| 14:06 | Create | Archer |
| 14:20 | Build | House |
| 14:20 | Build | House |
| 14:23 | Build | House |
| 14:52 | Create | Villager (Male) |
| 14:53 | Create | Archer |
| 14:53 | Create | Archer |
| 14:55 | Build | Farm |
| 15:08 | Build | Farm |
| 15:09 | Build | Farm |
| 15:16 | Create | Villager (Male) |
| 15:30 | Build | Lumber Camp |
| 15:46 | Create | Villager (Male) |
| 15:48 | Create | Archer |
| 15:48 | Create | Archer |
| 16:10 | Create | Villager (Male) |
| 16:22 | Create | Archer |
| 16:22 | Create | Archer |
| 16:38 | Create | Villager (Male) |
| 16:43 | Build | Blacksmith |
| 16:52 | Create | Archer |
| 16:52 | Create | Archer |
| 17:08 | Create | Villager (Male) |
| 17:09 | Create | Archer |
| 17:10 | Create | Archer |
| 17:38 | Build | Farm |
| 17:41 | Research | Castle Age |
| 17:50 | Build | House |
| 18:11 | Build | House |
| 18:12 | Build | House |
| 18:13 | Build | House |
| 18:25 | Research | Fletching |
| 18:26 | Create | Archer |
| 18:26 | Create | Archer |
| 18:47 | Research | Padded Archer Armor |
| 18:47 | Create | Archer |
| 18:47 | Create | Archer |
| 18:48 | Create | Archer |
| 18:48 | Create | Archer |
| 19:33 | Build | Mining Camp |
| 20:21 | Age | Castle Age |
| 20:26 | Research | Bodkin Arrow |
| 20:26 | Research | Crossbowman (upgrade) |
| 20:32 | Build | University |
| 21:22 | Research | Ballistics |
| 21:23 | Create | Archer |
| 21:23 | Create | Archer |
| 21:39 | Research | Thumb Ring |
| 21:40 | Create | Archer |
| 21:52 | Create | Villager (Male) |
| 22:26 | Create | Archer |
| 22:26 | Create | Archer |
| 22:27 | Create | Villager (Male) |
| 22:27 | Create | Villager (Male) |
| 23:42 | Create | Villager (Male) |
| 23:46 | Build | Archery Range |
| 23:47 | Build | Farm |
| 23:49 | Research | Bow Saw |
| 24:10 | Create | Archer |
| 24:10 | Create | Archer |
| 24:11 | Create | Archer |
| 24:11 | Create | Archer |
| 24:53 | Create | Archer ×5 |
| 24:53 | Create | Archer ×5 |
| 24:56 | Research | Wheelbarrow |
| 24:58 | Research | Heavy Plow |
| 25:10 | Create | Villager (Male) |
| 25:38 | Create | Archer |
| 25:39 | Create | Archer |
| 25:40 | Create | Villager (Male) |
| 25:40 | Create | Villager (Male) |
| 26:05 | Create | Archer |
| 26:05 | Create | Archer |
| 26:06 | Create | Archer |
| 26:07 | Create | Villager (Male) |
| 26:18 | Build | Lumber Camp |
| 26:23 | Build | Farm |
| 26:23 | Build | Farm |
| 26:23 | Build | Farm |
| 26:23 | Build | Farm |
| 26:24 | Build | Farm |
| 26:24 | Build | Farm |
Match timeline
| 7:28 | handlewithcare · first_building Barracks |
| 8:04 | MANQUELINI · age_up feudal |
| 8:19 | MANQUELINI · first_building Barracks |
| 8:29 | handlewithcare · age_up feudal |
| 8:47 | handlewithcare · first_building Archery Range |
| 9:37 | MANQUELINI · first_building Stable |
| 9:45 | araña mela del burro · age_up feudal |
| 9:53 | Kyandie · first_building Barracks |
| 10:15 | Idle Brother · first_building Barracks |
| 10:56 | Kyandie · age_up feudal |
| 10:58 | Kyandie · first_building Stable |
| 11:21 | DoubleZX · age_up feudal |
| 11:21 | Idle Brother · age_up feudal |
| 11:28 | Idle Brother · first_building Stable |
| 11:46 | Ux'unreal. · age_up feudal |
| 11:51 | SHENBBBBB · age_up feudal |
| 12:37 | DoubleZX · wall_segment Stone Wall x1 |
| 13:25 | araña mela del burro · first_market_buy 100 food |
| 14:20 | DoubleZX · first_market_buy 100 food |
| 14:33 | Kyandie · age_up castle |
| 14:58 | Idle Brother · age_up castle |
| 15:07 | Idle Brother · first_building Castle |
| 15:16 | Ux'unreal. · age_up castle |
| 15:21 | SHENBBBBB · age_up castle |
| 15:35 | araña mela del burro · first_building Barracks |
| 15:39 | DoubleZX · age_up castle |
| 15:39 | Kyandie · first_building Siege Workshop |
| 15:47 | DoubleZX · first_building Castle |
| 15:51 | SHENBBBBB · first_building Castle |
| 16:12 | araña mela del burro · age_up castle |
| 16:19 | araña mela del burro · first_building Siege Workshop |
| 16:41 | SHENBBBBB · first_building Siege Workshop |
| 17:17 | araña mela del burro · first_building Stable |
| 18:18 | Ux'unreal. · first_market_buy 100 stone |
| 18:33 | Idle Brother · wall_segment Stone Wall x4 |
| 18:38 | Kyandie · first_building Monastery |
| 18:38 | Idle Brother · wall_segment Stone Wall x4 |
| 19:25 | Idle Brother · wall_segment Stone Wall x5 |
| 19:37 | DoubleZX · first_building Monastery |
| 19:55 | Idle Brother · wall_segment Stone Wall x1 |
| 19:58 | Idle Brother · wall_segment Stone Wall x1 |
| 20:21 | handlewithcare · age_up castle |
| 21:33 | Idle Brother · wall_segment Stone Wall x4 |
| 21:51 | Ux'unreal. · first_building Siege Workshop |
| 21:55 | DoubleZX · first_building Barracks |
| 22:22 | SHENBBBBB · first_market_buy 100 food |
| 22:42 | DoubleZX · first_building Stable |
| 23:02 | MANQUELINI · age_up castle |
| 23:10 | Idle Brother · wall_segment Stone Wall x3 |
| 23:33 | Idle Brother · wall_segment Stone Wall x5 |
| 23:44 | Idle Brother · wall_segment Stone Wall x1 |
| 24:49 | DoubleZX · wall_segment Stone Wall x3 |
| 24:57 | Ux'unreal. · first_market_sell 100 food |
| 25:26 | Ux'unreal. · first_building Castle |
| 25:46 | Ux'unreal. · first_building Barracks |
| 26:09 | Idle Brother · wall_segment Stone Wall x1 |
| 26:18 | Idle Brother · wall_segment Stone Wall x6 |
| 27:04 | SHENBBBBB · first_building Monastery |
| 27:42 | Idle Brother · first_building Siege Workshop |
| 28:17 | Ux'unreal. · age_up imperial |
| 28:30 | Idle Brother · wall_segment Stone Wall x6 |
| 28:53 | Idle Brother · wall_segment Stone Wall x6 |
| 29:30 | Idle Brother · first_building Monastery |
| 29:32 | Ux'unreal. · wall_segment Stone Wall x2 |
| 29:44 | handlewithcare · first_building Monastery |
| 31:20 | SHENBBBBB · first_building Barracks |
| 32:16 | SHENBBBBB · first_building Stable |
| 32:40 | Idle Brother · wall_segment Stone Wall x1 |
| 32:47 | Kyandie · first_building Castle |
| 33:17 | handlewithcare · resign |
| 36:17 | DoubleZX · age_up imperial |
| 36:20 | Kyandie · age_up imperial |
| 37:14 | DoubleZX · first_market_sell 500 stone |
[ AI ANALYSIS · 1 CREDIT ]
What really happened in this match?
Wolo.gg analyzes every decision: build order, eco, micro, common mistakes by bracket. Personalized analysis on WhatsApp or Discord in 30 seconds.
Civ guide
Burmese
Perfil
Jugador #11969432